cohdb
Replays
Latest Replays
All Replays
Popular Replays
Top Player Replays
Match Explorer
How It Works
Community
CoH3 Stats
Reddit
Sign in to upload your games and track your stats! →
Sign in with Steam
Match 24772903
Unlisted
Match 24772903
Overview
Messages
Build Orders
End
Construct Infanterie Kompanie
Selects Luftwaffe Battlegroup
Selects Luftwaffe Pioneer Support
MG 42 Machine Gun Team
Kettenkrad Recon Vehicle
MG 42 Machine Gun Team
Construct Luftwaffe Kompanie
Jäger Squad
Selects Reconnaissance Run
Jäger Squad
Jäger Squad
Construct Panzer Kompanie
Support Elements
Marder III M Tank Destroyer
Wirbelwind Flakpanzer
Selects Fallschirmjäger Squad Paradrop
Medical Station
Wirbelwind Flakpanzer
Selects LG40 Recoilless Gun Paradrop
Marder III M Tank Destroyer
Fallschirmjäger Squad Paradrop
T3age
Opti
SneaKerz
gb_gbg
0
0
Comments
sign in to comment!
No comments posted yet!